 Dungeon Crawl Stone Soup version 0.28-a0-230-g086cc6695f (webtiles) character file.

Game seed: 18083676619403311289

12161 Gargoyl the Fighter (level 11, -2/89 HPs)
             Began as a Gnoll Abyssal Knight on Aug 22, 2021.
             Was a High Priest of Lugonu.
             Killed by mirror damage (7 damage)
             ... on level 11 of the Dungeon.
             The game lasted 00:13:01 (8543 turns).

Gargoyl the Fighter (Gnoll Abyssal Knight)          Turns: 8543, Time: 00:13:01

Health: -2/89      AC: 23    Str: 14    XL:     11   Next: 89%
Magic:  18/18      EV: 10    Int: 13    God:    Lugonu [*****.]
Gold:   479        SH:  0    Dex: 23    Spells: 23/23 levels left

rFire   . . .      SeeInvis .   d - +12 halberd "Q" {drain, *Rage Dex+6}
rCold   . . .      Faith    .   (shield currently unavailable)
rNeg    + . .      Spirit   .   z - +2 chain mail {rN+}
rPois   .          Reflect  .   f - +0 helmet
rElec   .          Harm     .   r - +2 cloak
rCorr   .          Rampage  .   (no gloves)
Will    .....      Clarity  +   u - +0 pair of boots
Stlth   +.........              h - amulet of regeneration
HPRegen 1.24/turn               m - +4 ring of protection
MPRegen 0.16/turn               q - +6 ring of dexterity

@: no status effects
A: fangs 1, strong nose, distributed training, clarity, clever 1, low mp 1, weak
1
a: Renounce Religion, Depart the Abyss, Bend Space, Banish, Corrupt, Enter the
Abyss


You were on level 11 of the Dungeon.
You worshipped Lugonu.
Lugonu was extremely pleased with you.
You visited 1 branch of the dungeon, and saw 11 of its levels.
You visited the Abyss 1 time.

You collected 479 gold pieces.

Inventory:

Hand Weapons
 a - a +1 hand axe of electrocution
 d - the +12 halberd "Q" (weapon) {drain, *Rage Dex+6}
   (You found it on level 3 of the Abyss)

   A truly terrible weapon, it drains the life of any living foe it strikes.
   Dex:       It affects your dexterity (+6).
   *Rage:     It may make you go berserk in combat.
 A - the +8 broad axe of Fundamental Breach {pain, rPois}
   (You found it on level 8 of the Dungeon)

   In the hands of one skilled in necromantic magic, it inflicts extra damage on
   living creatures.
   rPois:     It protects you from poison.
 H - a +5 war axe of freezing
Missiles
 b - 45 poisoned darts (quivered)
Armour
 f - a +0 helmet (worn)
 r - a +2 cloak (worn)
 u - a +0 pair of boots (worn)
 z - a +2 chain mail of positive energy (worn)
Jewellery
 h - an amulet of regeneration (around neck)
 k - a +4 ring of protection
 m - a +4 ring of protection (left hand)
 o - an amulet of the acrobat
 q - a +6 ring of dexterity (right hand)
 x - a ring of see invisible
 D - a ring of willpower
 F - a ring of positive energy
Wands
 v - a wand of paralysis (12)
 y - a wand of acid (5)
 C - a wand of flame (51)
Scrolls
 c - a scroll of amnesia
 j - 3 scrolls of teleportation
 l - 2 scrolls of identify
 G - a scroll of fear
 I - a scroll of holy word
Potions
 e - 3 potions of lignification
 g - 2 potions of brilliance
 i - 3 potions of flight
 n - a potion of berserk rage
 p - a potion of haste
 s - 4 potions of curing
 t - a potion of heal wounds
 w - a potion of resistance
 E - 2 potions of might


   Skills:
 + Level 9.4 Fighting
 + Level 6.7 Short Blades
 + Level 6.7 Long Blades
 + Level 8.2 Axes
 + Level 6.7 Maces & Flails
 + Level 6.7 Polearms
 + Level 6.7 Staves
 + Level 6.7 Slings
 + Level 6.7 Bows
 + Level 6.7 Crossbows
 + Level 6.7 Throwing
 + Level 8.2 Armour
 + Level 7.2 Dodging
 + Level 6.7 Stealth
 + Level 6.7 Shields
 + Level 6.7 Unarmed Combat
 + Level 6.7 Spellcasting
 + Level 5.5 Conjurations
 + Level 5.5 Hexes
 + Level 5.5 Summonings
 + Level 5.5 Necromancy
 + Level 5.5 Translocations
 + Level 5.5 Transmutations
 + Level 5.5 Fire Magic
 + Level 5.5 Ice Magic
 + Level 5.5 Air Magic
 + Level 5.5 Earth Magic
 + Level 5.5 Poison Magic
 + Level 8.8 Invocations
 + Level 6.7 Evocations


You had 23 spell levels left.
You didn't know any spells.
Your spell library contained the following spells:

 Spells                   Type           Power      Damage    Failure   Level
 Animate Skeleton         Necr           36%        N/A       26%         1
 Apportation              Tloc           36%        N/A       26%         1
 Corona                   Hex            20%        N/A       26%         1
 Freeze                   Ice            72%        1d9       26%         1
 Summon Small Mammal      Summ           72%        N/A       26%         1
 Slow                     Hex            18%        N/A       36%         2
 Sublimation of Blood     Necr           9%         N/A       36%         2
 Wereblood                Tmut           18%        N/A       36%         2
 Call Canine Familiar     Summ           18%        N/A       61%         3
 Confusing Touch          Hex            18%        N/A       61%         3
 Frozen Ramparts          Ice            36%        1d5       61%         3
 Ignite Poison            Fire/Tmut/Pois 18%        N/A       61%         3
 Mephitic Cloud           Conj/Pois/Air  18%        N/A       61%         3
 Portal Projectile        Hex/Tloc       36%        N/A       61%         3
 Fulminant Prism          Conj/Hex       9%         3d7       95%         4
 Hailstorm                Conj/Ice       18%        3d6       95%         4
 Iskenderun's Mystic Bla  Conj/Tloc      18%        2d6       95%         4
 Leda's Liquefaction      Hex/Erth       9%         N/A       95%         4
 Bolt of Magma            Conj/Fire/Erth 9%         4d7       100%        5
 Lee's Rapid Deconstruct  Erth           9%         3d8*      100%        5
 Yara's Violent Unravell  Hex/Tmut       9%         3d6       100%        5
 Summon Hydra             Summ           9%         N/A       100%        7


Dungeon Overview and Level Annotations

Branches:
Dungeon (11/15)            Temple (0/1) D:6
   Lair: D:8-11         Orc: D:9-12

Altars:
Cheibriados
Gozag
Hepliaklqana
Makhleb
Nemelex Xobeh
Okawaru
Ru
Uskayaw
The Shining One

Shops:
D:1 *   D:10 [


Innate Abilities, Weirdness & Mutations

You have very sharp teeth.
Your uncanny sense of smell can sniff out nearby items.
Your experience applies equally to all skills.
You possess an exceptional clarity of mind.
Your mind is acute. (Int +2)
Your magical capacity is low. (-10% MP)
You are weak. (Str -2)


Message History

Unknown command.
You puncture the freezing wraith!
The freezing wraith is moderately damaged.
The freezing wraith hits you. The freezing wraith freezes you!
The freezing wraith barely misses you.
You barely miss the freezing wraith.
The freezing wraith is moderately damaged.
The freezing wraith hits you. The freezing wraith freezes you!
The freezing wraith barely misses you.
You slash the freezing wraith!
The freezing wraith is severely damaged.
The freezing wraith hits you! The freezing wraith freezes you!!
The freezing wraith hits you but does no damage.
You closely miss the freezing wraith.
You bite the freezing wraith, but do no damage.
The freezing wraith is severely damaged.
The freezing wraith misses you. The freezing wraith barely misses you.
The death knight offers itself to Yredelemnul, and fills with unholy energy.
Your chain mail prevents you from hitting the freezing wraith.
You bite the freezing wraith, but do no damage.
The freezing wraith is severely damaged.
The freezing wraith hits you! The freezing wraith freezes you!
* * * LOW HITPOINT WARNING * * *
The freezing wraith completely misses you.
The freezing wraith hits you but does no damage. x2
You slice the freezing wraith!!
You destroy the freezing wraith!
Lugonu accepts your kill.
Unknown command.
You slash the death knight! You drain the death knight.
Your bite misses the death knight.
The death knight is moderately wounded.
The death knight reflects your damage back at you!
* * * LOW HITPOINT WARNING * * *
The death knight closely misses you.
Unknown command.
You hit the death knight. You drain the death knight.
The death knight is heavily wounded.
The death knight reflects your damage back at you!
You die...

...# #..# #..#
#.##########..#
.#+#+#+#.##....#W....#
.........#..##.#.##..#
.........#..##.#W##..#
.........#...#.#p#.W.#
.........#.#.#.#@#.#W#
....?....#.#.#.#.#.#.#
...........#.#.#.#.#.#
......<.##.#.#.#.#.#p#
.....#+###.#.#.#.#.#.#
.... ###.#.#.#.#W# ##+
#.#.#.#.# #.#.#.#.# ∆
#.#.#.#.#


You could see a death knight (reflects damage, drained), a freezing wraith and a
wraith.

Vanquished Creatures
  The ghost of Yggy the Cleaver, a journeyman DDFi of Yredelemnul (D:9)
  A centaur warrior (D:8)
  A skeletal warrior (D:8)
  A deep elf zephyrmancer (D:7)
  A cyclops (D:8)
  2 gargoyles
  Maggie (D:6)
  2 kobold demonologists (D:10)
  A freezing wraith (D:11)
  2 trolls
  Grinder (D:4)
  2 shadows
  4 wraiths
  Sigmund (D:6)
  10 yaks
  Eustachio (D:6)
  A wyvern (D:8)
  A steam dragon (D:8)
  4 vampire mosquitoes
  Menkaure (D:6)
  An acid dragon (D:10)
  4 water moccasins
  2 orc warriors
  An ice beast (D:3)
  A black bear (D:6)
  A necrophage (D:6)
  An ogre (D:5)
  3 phantoms
  6 centaurs
  2 kobold brigands
  5 bullfrogs
  2 gnoll sergeants
  A wyvern skeleton (D:5)
  4 wights (D:9)
  4 howler monkeys
  2 centaur zombies (D:8)
  A bullfrog zombie (D:6)
  2 jellies
  2 hounds
  A gnoll shaman (D:8)
  3 orc priests
  An iron imp (D:6)
  4 centaur skeletons
  4 iguanas
  5 orc wizards
  2 human simulacra (D:9)
  2 howler monkey zombies
  A howler monkey skeleton (D:4)
  4 adders
  An adder (shapeshifter) (D:8)
  7 gnolls
  2 shadow imps (D:6)
  2 ufetubi
  3 worms
  5 dart slugs
  6 orcs
  6 bats
  3 endoplasms
  2 giant cockroaches
  3 goblins
  7 hobgoblins
  3 quokkas
  5 ball pythons
  4 frilled lizards
  14 kobolds
  6 rats
190 creatures vanquished.

Notes
Turn   | Place    | Note
-------+----------+-------------------------------------------
     0 | Abyss:1  | Gargoyl the Gnoll Abyssal Knight began the quest for the
                  | Orb.
     0 | Abyss:1  | Reached XP level 1. HP: 23/23 MP: 3/3
    29 | Abyss:2  | Noticed a small abomination
    35 | Abyss:3  | Found a corrupted altar of Lugonu.
    70 | Abyss:3  | Noticed a deep elf sorcerer
    71 | Abyss:3  | Noticed an ancient zyme
    94 | Abyss:3  | Noticed a large abomination
   107 | Abyss:3  | Noticed a large abomination
   109 | Abyss:3  | Noticed a small abomination
   112 | Abyss:3  | Noticed a wind drake
   116 | Abyss:3  | Identified the +12 halberd "Q" {drain, *Rage Dex+6}
   118 | D:1      | Escaped the Abyss
   489 | D:1      | Found Jycoiliu's Assorted Antiques.
   498 | D:1      | Reached * piety under Lugonu
   499 | D:1      | Reached XP level 2. HP: 29/29 MP: 5/5
   589 | D:1      | Found a faded altar of an unknown god.
  1237 | D:2      | Reached XP level 3. HP: 35/35 MP: 6/6
  1479 | D:2      | Reached skill level 1 in Short Blades
  1479 | D:2      | Reached skill level 1 in Long Blades
  1479 | D:2      | Reached skill level 1 in Maces & Flails
  1479 | D:2      | Reached skill level 1 in Polearms
  1479 | D:2      | Reached skill level 1 in Staves
  1479 | D:2      | Reached skill level 1 in Slings
  1479 | D:2      | Reached skill level 1 in Bows
  1479 | D:2      | Reached skill level 1 in Crossbows
  1479 | D:2      | Reached skill level 1 in Throwing
  1479 | D:2      | Reached skill level 1 in Stealth
  1479 | D:2      | Reached skill level 1 in Shields
  1479 | D:2      | Reached skill level 1 in Unarmed Combat
  1479 | D:2      | Reached skill level 1 in Spellcasting
  1479 | D:2      | Reached skill level 1 in Evocations
  1846 | D:3      | Reached XP level 4. HP: 41/41 MP: 7/7
  1950 | D:3      | Reached ** piety under Lugonu
  2057 | D:3      | Noticed an ice beast
  2066 | D:3      | Killed an ice beast
  2067 | D:3      | Reached skill level 1 in Conjurations
  2067 | D:3      | Reached skill level 1 in Hexes
  2067 | D:3      | Reached skill level 1 in Summonings
  2067 | D:3      | Reached skill level 1 in Necromancy
  2067 | D:3      | Reached skill level 1 in Translocations
  2067 | D:3      | Reached skill level 1 in Transmutations
  2067 | D:3      | Reached skill level 1 in Fire Magic
  2067 | D:3      | Reached skill level 1 in Ice Magic
  2067 | D:3      | Reached skill level 1 in Air Magic
  2067 | D:3      | Reached skill level 1 in Earth Magic
  2067 | D:3      | Reached skill level 1 in Poison Magic
  2067 | D:3      | Reached XP level 5. HP: 35/47 MP: 8/8
  2443 | D:4      | Reached skill level 5 in Invocations
  2443 | D:4      | Reached XP level 6. HP: 51/53 MP: 9/9
  2647 | D:4      | Noticed Grinder
  2651 | D:4      | Paralysed by Grinder for 7 turns
  2672 | D:4      | Paralysed by Grinder for 5 turns
  2680 | D:4      | Killed Grinder
  2681 | D:4      | Reached skill level 7 in Fighting
  2681 | D:4      | Reached skill level 5 in Axes
  2681 | D:4      | Reached skill level 5 in Armour
  2681 | D:4      | Reached XP level 7. HP: 20/60 MP: 10/10
  3263 | D:5      | Entered Level 5 of the Dungeon
  3620 | D:5      | Found a glowing golden altar of the Shining One.
  3625 | D:5      | Found a hazy altar of Hepliaklqana.
  3630 | D:5      | Found an opulent altar of Gozag.
  3750 | D:5      | Reached XP level 8. HP: 66/67 MP: 12/12
  3996 | D:5      | Noticed a wraith
  4006 | D:5      | Killed a wraith
  4328 | D:6      | Noticed Maggie
  4337 | D:6      | Killed Maggie
  4338 | D:6      | Reached XP level 9. HP: 73/73 MP: 14/14
  4568 | D:6      | Noticed Sigmund
  4571 | D:6      | Reached *** piety under Lugonu
  4576 | D:6      | Killed Sigmund
  4578 | D:6      | Found a staircase to the Ecumenical Temple.
  4691 | D:6      | Noticed Eustachio
  4696 | D:6      | Reached skill level 5 in Dodging
  4703 | D:6      | Killed Eustachio
  4789 | D:6      | Noticed Menkaure
  4795 | D:6      | Killed Menkaure
  4921 | D:6      | Found a snail-covered altar of Cheibriados.
  5057 | D:7      | Reached skill level 8 in Fighting
  5265 | D:7      | Noticed a deep elf zephyrmancer
  5273 | D:7      | Killed a deep elf zephyrmancer
  5274 | D:7      | Reached skill level 5 in Short Blades
  5274 | D:7      | Reached skill level 5 in Long Blades
  5274 | D:7      | Reached skill level 5 in Maces & Flails
  5274 | D:7      | Reached skill level 5 in Polearms
  5274 | D:7      | Reached skill level 5 in Staves
  5274 | D:7      | Reached skill level 5 in Slings
  5274 | D:7      | Reached skill level 5 in Bows
  5274 | D:7      | Reached skill level 5 in Crossbows
  5274 | D:7      | Reached skill level 5 in Throwing
  5274 | D:7      | Reached skill level 5 in Stealth
  5274 | D:7      | Reached skill level 5 in Shields
  5274 | D:7      | Reached skill level 5 in Unarmed Combat
  5274 | D:7      | Reached skill level 5 in Spellcasting
  5274 | D:7      | Reached skill level 5 in Evocations
  5274 | D:7      | Reached XP level 10. HP: 71/81 MP: 17/17
  5340 | D:7      | Found a sparkling altar of Nemelex Xobeh.
  6102 | D:8      | Noticed a cyclops
  6109 | D:8      | Killed a cyclops
  6120 | D:8      | Reached **** piety under Lugonu
  6120 | D:8      | Noticed a gargoyle
  6125 | D:8      | Killed a gargoyle
  6146 | D:8      | Noticed a skeletal warrior
  6151 | D:8      | Identified the amulet of the Endless Expanse {RegenMP Will+
                  | Int+2 Dex+6 Slay-2}
  6151 | D:8      | Noticed a centaur warrior
  6162 | D:8      | Killed a centaur warrior
  6163 | D:8      | HP: 4/82 [skeletal warrior (15)]
  6163 | D:8      | HP: 1/82 [skeletal warrior (3)]
  6173 | D:8      | Killed a skeletal warrior
  6380 | D:8      | Reached XP level 11. HP: 87/87 MP: 19/19
  6500 | D:8      | Identified the +5 hunting sling of Kirph {vorpal, Dex+4}
  6501 | D:8      | Identified the +8 hunting sling "Byfuruan" {freeze, Fragile
                  | rPois rC+ rN+}
  6503 | D:8      | Identified the +8 broad axe of Fundamental Breach {pain,
                  | rPois}
  6636 | D:8      | Reached skill level 9 in Fighting
  6752 | D:8      | Reached skill level 5 in Conjurations
  6752 | D:8      | Reached skill level 5 in Hexes
  6752 | D:8      | Reached skill level 5 in Summonings
  6752 | D:8      | Reached skill level 5 in Necromancy
  6752 | D:8      | Reached skill level 5 in Translocations
  6752 | D:8      | Reached skill level 5 in Transmutations
  6752 | D:8      | Reached skill level 5 in Fire Magic
  6752 | D:8      | Reached skill level 5 in Ice Magic
  6752 | D:8      | Reached skill level 5 in Air Magic
  6752 | D:8      | Reached skill level 5 in Earth Magic
  6752 | D:8      | Reached skill level 5 in Poison Magic
  6852 | D:8      | Found a sacrificial altar of Ru.
  7260 | D:9      | Found a runed translucent door.
  7558 | D:9      | Found an iron altar of Okawaru.
  7620 | D:9      | Noticed Yggy's ghost (journeyman DDFi)
  7637 | D:9      | Killed Yggy's ghost
  7749 | D:9      | Gained mutation: Your mind is acute. (Int +2) [potion of
                  | mutation]
  7749 | D:9      | Gained mutation: You are weak. (Str -2) [potion of
                  | mutation]
  7749 | D:9      | Gained mutation: Your magical capacity is low. (-10% MP)
                  | [potion of mutation]
  7749 | D:9      | Gained mutation: You possess an exceptional clarity of
                  | mind. [potion of mutation]
  7800 | D:10     | Entered Level 10 of the Dungeon
  7984 | D:10     | Noticed a sixfirhy
  8027 | D:10     | Found a hide-covered altar of Uskayaw.
  8144 | D:10     | Found Didoep's Armour Shoppe.
  8163 | D:10     | Reached ***** piety under Lugonu
  8175 | D:10     | Found a burning altar of Makhleb.
  8175 | D:10     | Noticed a cacodemon
  8527 | D:11     | Noticed a death knight
  8542 | D:11     | HP: 4/89 [mirror damage (15)]
  8543 | D:11     | Killed by mirror damage

Illustrated notes

Levels and vault maps discovered:
D:1:      heliophobic_arrival_battle_scene, layout_basic, serial_shops,
          nicolae_shop_overgrown_old_shop,
          shapermc_ecumenical_altar_starsandcircs
D:2:      layout_rooms
D:3:      layout_rooms
D:4:      layout_basic, uniq_grinder
D:5:      layout_loops_corners, grunt_temple_overflow_diamond
D:6:      layout_loops_ring, slow_altar_2, minmay_temple_entry_nine_rooms,
          uniq_maggie, uniq_menkaure, uniq_eustachio, uniq_sigmund
D:7:      layout_basic, nemelex_spade_bored_becter, minmay_misc_feat_nine_boxes,
          guppyfry_early_elven_hall
D:8:      minmay_the_grid_octo_triangle [minmay_the_grid_octo_horde,
          minmay_the_grid_octo_prize_ultimate_mussel_roller,
          minmay_the_grid_octo_concentric], layout_basic,
          nicolae_ru_the_path_less_chosen
D:9:      layout_irregular_city, okawaru_gym_becter,
          hellmonk_ghost_happy_afterlife, minmay_misc_feat_doors,
          bh_circular_ruins
D:10:     layout_roguey, nicolae_overflow_hidden_temple,
          makhleb_altar_promises_db, serial_shops, nicolae_shop_window_shopping
D:11:     layout_basic, david_lair_generic, serial_co_window_serial,
          co_window_corner_a, co_window_paths_a, co_window_paths_b,
          co_window_paths_a, co_window_of_opportunity_a, co_window_paths_c,
          co_window_corner_b, co_window_paths_c, co_window_corner_b,
          co_window_unsneaky_path_a, co_window_of_opportunity_b,
          co_window_paths_d, glass_columns_b, glass_columns_a, glass_columns_b,
          glass_columns_b

Skill      XL: |  1  2  3  4  5  6  7  8  9 10 11 |
---------------+----------------------------------+-----
Short Blades   | 1 2 3 5 6 |  6.7
Long Blades    | 1 2 3 5 6 |  6.7
Maces & Flails | 1 2 3 5 6 |  6.7
Polearms       | 1 2 3 5 6 |  6.7
Staves         | 1 2 3 5 6 |  6.7
Slings         | 1 2 3 5 6 |  6.7
Bows           | 1 2 3 5 6 |  6.7
Crossbows      | 1 2 3 5 6 |  6.7
Throwing       | 1 2 3 5 6 |  6.7
Stealth        | 1 2 3 5 6 |  6.7
Shields        | 1 2 3 5 6 |  6.7
Unarmed Combat | 1 2 3 5 6 |  6.7
Spellcasting   | 1 2 3 5 6 |  6.7
Evocations     | 1 2 3 5 6 |  6.7
Dodging        | 3 4 5 6 7 |  7.2
Conjurations   | 1 2 3 4 5 |  5.5
Hexes          | 1 2 3 4 5 |  5.5
Summonings     | 1 2 3 4 5 |  5.5
Necromancy     | 1 2 3 4 5 |  5.5
Translocations | 1 2 3 4 5 |  5.5
Transmutations | 1 2 3 4 5 |  5.5
Fire Magic     | 1 2 3 4 5 |  5.5
Ice Magic      | 1 2 3 4 5 |  5.5
Air Magic      | 1 2 3 4 5 |  5.5
Earth Magic    | 1 2 3 4 5 |  5.5
Poison Magic   | 1 2 3 4 5 |  5.5
Invocations    | 5 6 7 8 |  8.8
Fighting       | 7 8 9 |  9.4
Axes           | 5 6 7 8 |  8.2
Armour         | 5 6 7 8 |  8.2

Action                   |  1- 3 |  4- 6 |  7- 9 | 10-12 || total
-------------------------+-------+-------+-------+-------++-------
Melee: Halberd           |    54 |    49 |   166 |   258 ||   527
       Bite              |     5 |       |    22 |    35 ||    62
Throw: Dart              |       |     5 |       |       ||     5
Invok: Depart the Abyss  |     1 |       |       |       ||     1
       Banish            |       |       |       |     2 ||     2
  Use: Scroll            |     5 |     2 |    12 |     3 ||    22
       Potion            |       |     1 |       |     4 ||     5
 Stab: Sleeping          |       |       |     3 |     1 ||     4
Armor: Scale mail        |    27 |    31 |     9 |       ||    67
       Skin              |       |     6 |       |       ||     6
       Plate armour      |       |       |    52 |       ||    52
       Acid dragon scale |       |       |    69 |    53 ||   122
       Chain mail        |       |       |       |   119 ||   119
Dodge: Dodged            |    38 |    32 |   133 |   191 ||   394

Table legend: (Time is in decaauts)
 A = Elapsed time spent in this place.
 B = Non-inter-level travel time spent in this place.
 C = Inter-level travel time spent in this place.
 D = Time resting spent in this place.
 E = Time spent auto-exploring this place.
 F = Levels seen in this place.
 G = Mean time per level.
                   A        B        C        D        E       F      G
               +--------+--------+--------+--------+--------+-----+--------+
         Total |   8839 |   8563 |    276 |    493 |   6010 |  14 |  631.4 |
       Dungeon |   8722 |   8446 |    276 |    493 |   5975 |  11 |  792.9 |
         Abyss |    117 |    117 |      0 |      0 |     35 |   3 |   39.0 |
               +--------+--------+--------+--------+--------+-----+--------+

Top non-repeatable levels by time:
     D:8: 1362 daAuts
     D:1: 1101 daAuts
     D:5: 1080 daAuts
     D:4: 885 daAuts
     D:7: 870 daAuts
     D:6: 744 daAuts
    D:10: 701 daAuts
     D:9: 673 daAuts
     D:3: 622 daAuts
     D:2: 602 daAuts
 Abyss:3: 82 daAuts
    D:11: 77 daAuts
 Abyss:1: 24 daAuts
 Abyss:2: 10 daAuts
